 Dungeon Crawl Stone Soup version 0.22-a0-15-g4f60a598d5 (webtiles) character file.

11 NixNut the Skirmisher (level 2, -1/24 HPs)
             Began as a Demonspawn Abyssal Knight on Jan 2, 2018.
             Was a Follower of Lugonu.
             Slain by a worm (9 damage)
             ... on level 1 of the Dungeon.
             The game lasted 00:02:49 (774 turns).

NixNut the Skirmisher (Demonspawn Abyssal Knight)    Turns: 774, Time: 00:02:50

Health: -1/24      AC:  7    Str: 12    XL:     2   Next: 13%
Magic:  4/4        EV:  9    Int: 13    God:    Lugonu [*.....]
Gold:   21         SH:  0    Dex: 12    Spells: 1/1 levels left

rFire    . . .     SeeInvis .   a - +1 mace
rCold    . . .     Gourm    .   (no shield)
rNeg     . . .     Faith    .   l - +0 scale mail
rPois    .         Spirit   .   (no helmet)
rElec    .         Reflect  .   (no cloak)
rCorr    .         Harm     .   (no gloves)
MR       .....                  o - +0 pair of boots
Stlth    ..........             (no amulet)
HPRegen  0.08/turn              (no ring)
MPRegen  0.09/turn              (no ring)

@: no status effects
A: rot immunity
a: Depart the Abyss, Renounce Religion


You were on level 1 of the Dungeon.
You worshipped Lugonu.
Lugonu was aware of your devotion.
You were not hungry.

You visited 1 branch of the dungeon, and saw 2 of its levels.
You visited the Abyss 1 time.

You collected 21 gold pieces.

Inventory:

Hand Weapons
 a - a +1 mace (weapon)
Armour
 l - a +0 scale mail (worn)
 o - a +0 pair of boots (worn)
Scrolls
 b - a scroll of remove curse {unknown}
 e - 4 scrolls of identify
 h - a scroll of teleportation {unknown}
 i - a scroll of enchant armour {unknown}
 q - a scroll of amnesia {unknown}
Potions
 d - a potion of lignification {unknown}
 f - a potion of agility {unknown}
 g - a potion of magic
 j - a potion of brilliance {unknown}
 m - a potion of berserk rage {unknown}
 n - a potion of invisibility {unknown}
 p - a potion of flight {unknown}
Comestibles
 c - 2 rations
 k - 4 chunks of flesh


   Skills:
 + Level 3.1 Fighting
 * Level 2.1 Maces & Flails
 + Level 2.0 Armour
 - Level 0.8 Dodging
 + Level 2.7 Invocations


You had one spell level left.
You didn't know any spells.

Dungeon Overview and Level Annotations

Branches:
Dungeon (2/15)

Altars:


Innate Abilities, Weirdness & Mutations

You are immune to rotting.


Message History

Done exploring.
There is a stone staircase leading down here.
You climb downwards.
A worm comes into view.
Found a scroll labeled MICO WUS GONN and a scroll labeled DOTREGYWOO.
There is a stone staircase leading up here.
You barely miss the worm. The worm bites you.
You hit the worm but do no damage. The worm bites you.
You barely miss the worm. You barely miss the worm. The worm barely misses you.
You hit the worm but do no damage. The worm barely misses you.
There is a stone staircase leading up here.
You climb upwards.
There is a stone staircase leading down here.
You hit the worm but do no damage. The worm bites you!
You hit the worm but do no damage. The worm barely misses you.
You sock the worm!
The worm is heavily wounded.
The worm bites you!
You die...

.........#####.###............###
.........###..................###
........###...####.#....(........
.............####..#.......(..###
............................(....
########.###..................###
#.###(.........#...####...
#.......w........#)# ##...
#........@......##.# #....
#.............#.##.###....
#.........................
#..............#####......
##.........................
#..........................
##...............#....##.###
#..###.........#....####....
###.#........#...>.##.# ####.


You could see a worm.

Vanquished Creatures
  4 goblins (D:1)
  A hobgoblin (D:1)
  A kobold (D:1)
  2 bats (D:1)
  2 rats (D:1)
10 creatures vanquished.

Notes
Turn   | Place    | Note
-------+----------+-------------------------------------------
     0 | Abyss:1  | NixNut the Demonspawn Abyssal Knight began the quest for the Orb.
     0 | Abyss:1  | Reached XP level 1. HP: 18/18 MP: 2/2
    70 | D:1      | Escaped the Abyss
   576 | D:1      | Gained mutation: You are immune to rotting. [demonic ancestry]
   576 | D:1      | Reached XP level 2. HP: 24/24 MP: 4/4
   774 | D:1      | Slain by a worm

Vault maps used:
D:1:      lemuel_arrival_tunnels
D:2:      nicolae_ashenzari_panopticon

Skill      XL: |  1  2 |
---------------+-------+-----
Maces & Flails | 2 |  2.1
Armour         | 2 |  2.0
Fighting       | |  3.1
Dodging        | |  0.8
Invocations    | |  2.7

Action                   || total
-------------------------++-------
Melee: Mace              ||    38
  Use: Scroll            ||     1
Armor: Leather armour    ||     7
       Scale mail        ||     6
Dodge: Dodged            ||    23

Table legend:
 A = Spawn XP
 B = Non-spawn XP
 C = Spawn XP percentage of total XP
 D = Spawn monster count
 E = Non-spawn monster count
 F = Spawn count percentage of total count
 G = Total turns spent on level
                    A         B        C        D         E        F      G
               +---------+---------+-------+---------+---------+-------+---------
         Total |       0 |      16 |   0.0 |       0 |      10 |   0.0 |   774
               +---------+---------+-------+---------+---------+-------+---------
           D:1 |       0 |      16 |   0.0 |       0 |      10 |   0.0 |   695
               +---------+---------+-------+---------+---------+-------+---------
